 Dungeon Crawl Stone Soup version 0.32-a0-433-g08bcfe7 (webtiles) character file.

Game seed: 5148434107428863897

53 Dorkslayer the Trooper (level 3, -1/31 HPs)
             Began as a Demigod Fighter on Feb 22, 2024.
             Slain by Terence
             ... wielding a +0 flail
              (7 damage)
             ... on level 2 of the Dungeon.
             The game lasted 00:03:08 (987 turns).

Dorkslayer the Trooper (Demigod Fighter)             Turns: 987, Time: 00:03:08

Health: -1/31      AC:  6    Str: 21    XL:     3   Next: 41%
Magic:  5/5        EV:  9    Int: 10    God:
Gold:   103        SH:  9    Dex: 13    Spells: 2/2 levels left

rFire   + . .        l - +0 war axe
rCold   + . .        b - +0 buckler
rNeg    . . .        a - +0 scale mail
rPois   .            (no helmet)
rElec   .            g - scarf {rC+ rF+}
rCorr   .            (no gloves)
SInv    .            (no boots)
Will    .....        i - amulet of reflection Stlth
                     o - +4 ring of slaying
HPRegen 0.25/turn    (no ring)
MPRegen 0.09/turn

%: reflection
@: no status effects
A: high MP 1, forlorn, divine attributes
a: no special abilities


You were on level 2 of the Dungeon.
You visited 1 branch of the dungeon, and saw 2 of its levels.

You collected 103 gold pieces.

Inventory:

Hand Weapons
 l - a +0 war axe (weapon)
Armour
 a - a +0 scale mail (worn)
 b - a +0 buckler (worn)
 g - a scarf of resistance (worn)
 h - a +0 cloak
Jewellery
 i - an amulet of reflection (around neck)
 o - a +4 ring of slaying (left hand)
Scrolls
 d - a scroll of teleportation {unknown}
 k - a scroll of immolation {unknown}
 m - a scroll of noise {unknown}
 n - a scroll of identify {unknown}
 p - a scroll of blinking {unknown}
Potions
 c - a potion of might
 e - 2 potions of curing {unknown}
 f - 2 potions of heal wounds {unknown}
 j - 2 potions of cancellation {unknown}


   Skills:
 + Level 3.1 Fighting
 + Level 3.0 Armour
 * Level 1.2 Dodging
 + Level 3.0 Shields
 + Level 2.2 Unarmed Combat


You had 2 spell levels left.
You didn't know any spells.
Your spell library contained the following spells:

 Spells                   Type           Power      Damage    Failure   Level
 Slow                     Hex            0%         N/A       77%         1
 Confusing Touch          Hex            0%         N/A       98%         3
 Sigil of Binding         Hex            0%         N/A       98%         3
 Vampiric Draining        Necr           0%         2d6       98%         3


Dungeon Overview and Level Annotations

Branches:
Dungeon (2/15)

Annotations:
D:2 Terence


Innate Abilities, Weirdness & Mutations

You have an increased reservoir of magic. (+10% MP)
You shall have no god before yourself.
Your divine heritage dramatically boosts your attributes as you level up.


Message History

You see here a frilled lizard corpse.
You now have 85 gold pieces (gained 31).
You see here a hobgoblin corpse.
A goblin comes into view. It is wielding a +0 club.
The goblin closely misses you.
You slash the goblin!
You kill the goblin!
You now have 103 gold pieces (gained 18).
You see here a +0 club.
A hobgoblin comes into view.
The hobgoblin shouts!
You block the hobgoblin's attack.
You slash the hobgoblin!
You kill the hobgoblin!
You see here a hobgoblin corpse.
p - a scroll labelled NUURIVA PEMUKK
Found 8 gold pieces.
Terence the Incautious comes into view.
He is wielding a +0 flail.
Terence shouts!
A goblin comes into view. It is wielding a +0 dagger.
There are monsters nearby!
Found a helmet.
The goblin shouts!
You barely miss Terence. Terence hits you with a +0 flail.
Terence hits you with a +0 flail!
You hit Terence.
Terence is lightly wounded.
Terence closely misses you.
You hit Terence but do no damage.
Terence is lightly wounded.
Terence hits you with a +0 flail! You block Terence's attack.
You closely miss Terence.
Terence is lightly wounded.
Terence hits you with a +0 flail!
* * * LOW HITPOINT WARNING * * *
You closely miss Terence.
Terence is lightly wounded.
You block Terence's attack. Terence hits you with a +0 flail!
You die...
Terence says, "That felt goooood."

######### .........###
.......#.@.# #..
[......###@####....#
....g.. #.....#....#
......@##.#...#....#
....$...g.##..#....#
...........#..#....###
...........##...#....#.#
.......#...##...#.#.##.#
.......#...###....#.##.#


You could see Terence.

Vanquished Creatures
  2 adders (D:2)
  A dart slug (D:2)
  An endoplasm (D:2)
  2 giant cockroaches
  4 goblins
  2 hobgoblins (D:2)
  3 jackals (D:2)
  4 ball pythons
  A bat (D:2)
  2 frilled lizards
  4 kobolds
  5 rats
31 creatures vanquished.

Notes
Turn   | Place    | Note
-------+----------+-------------------------------------------
     0 | D:1      | Dorkslayer the Demigod Fighter began the quest for the Orb.
     0 | D:1      | Reached XP level 1. HP: 18/18 MP: 3/3
   326 | D:1      | Reached XP level 2. HP: 25/25 MP: 4/4
   797 | D:2      | Reached XP level 3. HP: 21/31 MP: 5/5
   814 | D:2      | Reached skill level 1 in Dodging
   973 | D:2      | Noticed Terence
   987 | D:2      | Slain by Terence

Illustrated notes

Levels and vault maps discovered:
D:1:      erik_arrival_orb_chamber, layout_loops_ring,
          ebering_ecumenical_altar_mist, minmay_misc_feat_nine_boxes
D:2:      layout_basic, minmay_misc_feat_square, uniq_terence

Skill      XL: |  1  2  3 |
---------------+----------+-----
Fighting       | 3 |  3.1
Unarmed Combat | 2 |  2.2
Armour         | 3 |  3.0
Dodging        | 1 |  1.2
Shields        | 3 |  3.0

Action                     || total
---------------------------++-------
  Melee: Unarmed           ||   115
         War axe           ||    18
 Armour: Scale mail        ||    79
  Dodge: Dodged            ||    49
  Block: Buckler           ||    78
         Reflection        ||     1

Table legend: (Time is in decaauts)
 A = Elapsed time spent in this place.
 B = Non-inter-level travel time spent in this place.
 C = Inter-level travel time spent in this place.
 D = Time resting spent in this place.
 E = Time spent auto-exploring this place.
 F = Levels seen in this place.
 G = Mean time per level.
                   A        B        C        D        E       F      G
               +--------+--------+--------+--------+--------+-----+--------+
         Total |    994 |    994 |      0 |      0 |    385 |   2 |  497.0 |
       Dungeon |    994 |    994 |      0 |      0 |    385 |   2 |  497.0 |
               +--------+--------+--------+--------+--------+-----+--------+

Top non-repeatable levels by time:
     D:1: 654 daAuts
     D:2: 339 daAuts
